 Dungeon Crawl Stone Soup version 0.22-a0-785-g6253c82ace (webtiles) character file.

34 Htamos the Skirmisher (level 3, -10/26 HPs)
             Began as an Octopode Berserker on July 20, 2018.
             Was an Initiate of Sif Muna.
             Mangled by a polar bear (27 damage)
             ... created by the rage of Trog
             ... on level 2 of the Dungeon.
             The game lasted 00:02:37 (1162 turns).

Htamos the Skirmisher (Octopode Berserker)          Turns: 1162, Time: 00:02:38

Health: -10/26     AC:  1    Str: 17    XL:     3   Next: 31%
Magic:  3/3        EV: 14    Int:  9    God:    Sif Muna [......]
Gold:   113        SH:  0    Dex: 11    Spells: 2/2 levels left

rFire    . . .     SeeInvis .     - Unarmed
rCold    . . .     Gourm    .   (no shield)
rNeg     . . .     Faith    .   (helmet restricted)
rPois    .         Spirit   .   (no amulet)
rElec    .         Reflect  .   (no ring)
rCorr    .         Harm     .   (no ring)
MR       .....                  (no ring)
Stlth    ++........             (no ring)
HPRegen  0.08/turn              (no ring)
MPRegen  0.08/turn              (no ring)
                                (no ring)
                                (no ring)

@: no status effects
A: almost no armour, stealthy swim, amphibious, 8 rings, constrict 8, camouflage
1, gelatinous body 1
a: Renounce Religion


You were on level 2 of the Dungeon.
You worshipped Sif Muna.
Sif Muna was noncommittal.
You were not hungry.

You visited 1 branch of the dungeon, and saw 2 of its levels.

You collected 113 gold pieces.

Inventory:

Jewellery
 d - an uncursed ring of protection from magic {unknown}
 f - an uncursed ring of protection from magic {unknown}
 k - an uncursed ring of resist corrosion {unknown}
 m - a cursed ring of loudness {unknown}
Wands
 o - a wand of random effects (21)
Scrolls
 b - a scroll of remove curse {unknown}
 c - a scroll of teleportation {unknown}
 e - 4 scrolls of identify {unknown}
 n - a scroll of fear {unknown}
Potions
 h - 2 potions of lignification {unknown}
 i - a potion of mutation {unknown}
 j - 2 potions of curing {unknown}
 l - a potion of heal wounds {unknown}
Comestibles
 a - 3 rations
 g - 6 chunks of flesh


   Skills:
 * Level 3.5 Fighting
 + Level 3.4 Dodging
 + Level 3.3 Unarmed Combat


You had 2 spell levels left.
You didn't know any spells.
Your spell library was empty.

Dungeon Overview and Level Annotations

Branches:
Dungeon (2/15)

Altars:
Sif Muna


Innate Abilities, Weirdness & Mutations

You cannot wear most types of armour.
You are very stealthy in the water. (Stealth+)
You are amphibious.
You can wear up to eight rings at the same time.
You can use your tentacles to constrict eight enemies at once.
Your skin changes colour to match your surroundings (Stealth+).
Your rubbery body absorbs attacks. (AC +1, EV +1)


Message History

g - 6 chunks of flesh (gained 2) Trog sends monsters to punish you.
A polar bear and 3 black bears come into view.
There are monsters nearby!
The black bear moves out of view.
You hear an angry growl.
You hear an angry growl.
You hear an angry growl.
The black bear bites you! The black bear closely misses you. x2
You hear an angry growl.
The black bear closely misses you. The black bear barely misses you.
The black bear misses you.
You hear an angry growl.
The polar bear rages.
You hear an angry growl. x2
The polar bear rages.
You hear an angry growl.
The polar bear bites you!!
Ouch! That really hurt!
You die...

### ######.# #...hh.# #######
#.####.#####.....# #h#
#.#h......... #h#
#h#.###..####
#@#.##.h.#....##..
#.#......h.#..#...
#.##########..#... #..
.............
#########################.#...
#.........>...............#...
#...........####.#######..##..
#...........# #.......#..####
#...........# ##†.###.#......


You could see a polar bear (berserk) and a black bear (berserk).

Vanquished Creatures
  2 leopard geckos
  5 bats
  2 giant cockroaches (D:1)
  2 goblins
  4 hobgoblins
  3 jackals (D:1)
  A ball python (D:2)
  A frilled lizard (D:2)
  5 kobolds
  3 rats (D:1)
28 creatures vanquished.

Notes
Turn   | Place    | Note
-------+----------+-------------------------------------------
     0 | D:1      | Htamos the Octopode Berserker began the quest for the Orb.
     0 | D:1      | Reached XP level 1. HP: 16/16 MP: 1/1
   145 | D:1      | Reached XP level 2. HP: 21/21 MP: 2/2
   750 | D:1      | You fall through a shaft!
   786 | D:2      | Reached XP level 3. HP: 19/26 MP: 3/3
   796 | D:2      | Reached ** piety under Trog
   927 | D:2      | Found a deep blue altar of Sif Muna.
   946 | D:2      | Fell from the grace of Trog
  1078 | D:2      | Became a worshipper of Sif Muna the Loreminder
  1152 | D:2      | Noticed a black bear
  1152 | D:2      | Noticed a black bear
  1152 | D:2      | Noticed a polar bear
  1152 | D:2      | Noticed a black bear
  1162 | D:2      | Mangled by a polar bear

Vault maps used:
D:1:      dpeg_arrival_fog, corner_web_ring, st_stairs_7
D:2:      old_standard_altar

Action                   || total
-------------------------++-------
Melee: Unarmed           ||    59
       Constrict         ||    14
       Tentacles         ||     9
       Punch             ||     2
Invok: Renounce Religion ||     1
 Stab: Sleeping          ||     5
  Eat: Chunk             ||     1
Armor: Skin              ||     5
Dodge: Dodged            ||    53

Table legend:
 A = Spawn XP
 B = Non-spawn XP
 C = Spawn XP percentage of total XP
 D = Spawn monster count
 E = Non-spawn monster count
 F = Spawn count percentage of total count
 G = Total turns spent on level
                    A         B        C        D         E        F      G
               +---------+---------+-------+---------+---------+-------+---------
         Total |       0 |      49 |   0.0 |       0 |      28 |   0.0 |  1162
               +---------+---------+-------+---------+---------+-------+---------
           D:1 |       0 |      27 |   0.0 |       0 |      16 |   0.0 |   750
           D:2 |       0 |      22 |   0.0 |       0 |      12 |   0.0 |   412
               +---------+---------+-------+---------+---------+-------+---------
